 Dungeon Crawl Stone Soup version 0.27-a0-1136-g0b992a5a9d (webtiles) character file.

Game seed: 3861403829864032411

215 1player the Cudgeller (level 5, 0/32 HPs)
             Began as a Gargoyle Fighter on May 5, 2021.
             Was a Follower of Zin.
             Slain by a lemure (2 damage)
             ... led by Pikel
             ... on level 3 of the Dungeon.
             The game lasted 00:06:09 (4118 turns).

1player the Cudgeller (Gargoyle Fighter)            Turns: 4118, Time: 00:06:09

Health: 0/32       AC:  9    Str: 20    XL:     5   Next: 92%
Magic:  0/5        EV: 10    Int:  9    God:    Zin [*.....]
Gold:   118        SH:  0    Dex:  9    Spells: 4/4 levels left

rFire    . . .     SeeInvis .   a - +0 flail
rCold    . . .     Faith    .   (no shield)
rNeg     + . .     Spirit   +   g - +0 ring mail
rPois    ∞         Reflect  .   (no helmet)
rElec    +         Harm     .   (no cloak)
rCorr    .         Rampage  .   (no gloves)
Will     .....                  (no boots)
Stlth    ..........             k - amulet of guardian spirit
HPRegen  0.10/turn              (no ring)
MPRegen  0.09/turn              (no ring)

@: mighty
A: sickness immunity, AC +4, negative energy resistance 1, electricity
resistance, torment resistance 1, unbreathing 1, petrification resistance
a: Renounce Religion, Recite, Donate Gold


You were on level 3 of the Dungeon.
You worshipped Zin.
Zin was aware of your devotion.
You visited 1 branch of the dungeon, and saw 4 of its levels.

You collected 131 gold pieces.
You donated 13 gold pieces to Zin.

Inventory:

Hand Weapons
 a - a +0 flail (weapon)
Armour
 b - a +0 scale mail
 c - a +0 kite shield
 g - a +0 ring mail (worn)
Jewellery
 k - an amulet of guardian spirit (around neck)
 r - a ring of fire
Scrolls
 e - a scroll of identify {@r1}
 j - 2 scrolls of teleportation
 m - a scroll of immolation {unknown}
 o - a scroll of holy word {unknown}
 q - a scroll of amnesia {unknown}
Potions
 h - a potion of invisibility {unknown}
 l - a potion of resistance {unknown}
 n - a potion of might
 s - a potion of mutation {unknown}


   Skills:
 - Level 3.2 Fighting
 + Level 6.0 Maces & Flails
 - Level 3.2 Armour
 - Level 3.2 Shields


You had 4 spell levels left.
You didn't know any spells.
Your spell library was empty.

Dungeon Overview and Level Annotations

Branches:
Dungeon (4/15)
 Temple: D:4-7

Altars:
Makhleb
Zin

Annotations:
D:4 Pikel


Innate Abilities, Weirdness & Mutations

You are immune to sickness and miasma.
Your stone body is resilient. (AC +4)
You are immune to poison.
You resist negative energy. (rN+)
You are resistant to electric shocks. (rElec)
You are resistant to unholy torment.
You can survive without breathing.
You are immune to petrification.


Message History

The lemure is heavily wounded.
The lemure hits you. x2
You hit the lemure.
The lemure is severely wounded.
The lemure hits you but does no damage. The lemure hits you.
The lemure hits you but does no damage.
You sock the lemure!
You kill the lemure!
That felt strangely unrewarding.
You hit the lemure.
The lemure is lightly wounded.
The lemure closely misses you. The lemure misses you.
The lemure completely misses you.
You feel very mighty all of a sudden. The lemure misses you.
The lemure hits you but does no damage.
You barely miss the lemure. The lemure barely misses you.
The lemure hits you but does no damage.
You closely miss the lemure. The lemure hits you. x2
You closely miss the lemure. The lemure closely misses you.
The lemure hits you but does no damage.
You barely miss the lemure. The lemure barely misses you.
The lemure misses you.
You barely miss the lemure. The lemure hits you. The lemure closely misses you.
You barely miss the lemure. The lemure hits you but does no damage.
The lemure closely misses you. The lemure hits you.
* * * LOW HITPOINT WARNING * * *
You feel better. The lemure misses you. The lemure hits you!
* * * LOW HITPOINT WARNING * * *
You bludgeon the lemure!!
The lemure is almost dead.
The lemure hits you but does no damage. The lemure closely misses you.
You closely miss the lemure.
The lemure is almost dead.
The lemure closely misses you. The lemure hits you.
* * * LOW HITPOINT WARNING * * *
Okay, then.
You closely miss the lemure.
The lemure is severely wounded.
The lemure closely misses you. The lemure hits you.
You die...

#.# #......######## #.#
#..##..#....... #######.#
#..##..#.###.##
#.......#####..##..#># #.#
#.......'......#...#.# #.#
#.......######.#####.# #.#
#.......# #.)....##.# #.#
##################.#.##.##.#
#.#
...............5@#.#.##.##.#
#_#
#############.##5#.#.##.##.#
#.# .......#
###.##.#.#....##.# #.#
######.# #....#.#.#######.#
#.# #.# #....#.#(## #.# #.#
#.## #....#.#..######.# #.#
#..# #....#.##.#......# #.#
##.# #....#....#.###### #.#
#.###....######.# #.#


You could see 2 lemures.

Vanquished Creatures
  A lemure (D:3)
  Natasha (twice) (D:2)
  6 adders
  3 gnolls (D:3)
  An adder skeleton (D:4)
  A worm (D:2)
  3 dart slugs
  5 ball pythons
  8 bats
  5 endoplasms
  3 giant cockroaches
  7 goblins
  7 hobgoblins
  6 jackals (D:1)
  5 kobolds
  2 quokkas
  4 frilled lizards
  4 rats
73 creatures vanquished.

Vanquished Creatures (others)
  A plant (D:3)
1 creature vanquished.

Grand Total: 74 creatures vanquished

Notes
Turn   | Place    | Note
-------+----------+-------------------------------------------
     0 | D:1      | 1player the Gargoyle Fighter began the quest for the Orb.
     0 | D:1      | Reached XP level 1. HP: 14/14 MP: 1/1
   242 | D:1      | Reached XP level 2. HP: 19/19 MP: 2/2
   397 | D:1      | Reached skill level 3 in Maces & Flails
   988 | D:1      | Reached XP level 3. HP: 20/23 MP: 3/3
  2009 | D:2      | Reached skill level 4 in Maces & Flails
  2190 | D:2      | Noticed Natasha
  2227 | D:2      | Killed Natasha
  2228 | D:2      | Reached XP level 4. HP: 12/28 MP: 4/4
  2943 | D:2      | Noticed Natasha
  2952 | D:2      | Killed Natasha
  2953 | D:2      | Reached skill level 5 in Maces & Flails
  2953 | D:2      | Reached XP level 5. HP: 19/32 MP: 2/5
  3621 | D:3      | Found a faded altar of an unknown god.
  3998 | D:4      | Found a burning altar of Makhleb.
  3999 | D:4      | Noticed an Executioner
  4003 | D:4      | Found a glowing silver altar of Zin.
  4004 | D:4      | Noticed an angel
  4017 | D:4      | Became a worshipper of Zin the Law-Giver
  4017 | D:4      | Reached * piety under Zin
  4063 | D:4      | Noticed a lemure
  4064 | D:4      | Noticed Pikel
  4064 | D:4      | Noticed a lemure
  4064 | D:4      | Noticed a lemure
  4098 | D:3      | Reached skill level 6 in Maces & Flails
  4099 | D:4      | Noticed a lemure
  4106 | D:3      | Killed a lemure
  4117 | D:3      | HP: 1/32 [lemure[Pikel] (6)]
  4118 | D:3      | Slain by a lemure

Illustrated notes

Levels and vault maps discovered:
D:1:      nzn_arrival_depleted_hourglass, layout_basic
D:2:      layout_basic, serial_glass, glass_columns_b, glass_columns_b,
          kennysheep_generic_room_11, uniq_natasha
D:3:      layout_basic, basic_ecumenical_altar, grunt_ministairs_14,
          minmay_shallow_snake_nest
D:4:      layout_basic, grunt_temple_overflow_order_and_chaos_2,
          nicolae_overflow_crystal_walls, grunt_ministairs_3,
          minmay_misc_feat_secret_circle, uniq_grinder, uniq_crazy_yiuf_cottage,
          uniq_pikel

Skill      XL: |  1  2  3  4  5 |
---------------+----------------+-----
Maces & Flails | 3 4 5 6 |  6.0
Fighting       | |  3.2
Armour         | |  3.2
Shields        | |  3.2

Action                   |  1- 3 |  4- 6 || total
-------------------------+-------+-------++-------
Melee: Flail             |    27 |   125 ||   152
       Dagger            |   107 |       ||   107
       Whip              |    82 |    26 ||   108
  Use: Potion            |     1 |     2 ||     3
       Scroll            |       |     2 ||     2
Armor: Scale mail        |    64 |       ||    64
       Ring mail         |    54 |    87 ||   141
Dodge: Dodged            |   131 |   124 ||   255

Table legend: (Time is in decaauts)
 A = Elapsed time spent in this place.
 B = Non-inter-level travel time spent in this place.
 C = Inter-level travel time spent in this place.
 D = Time resting spent in this place.
 E = Time spent auto-exploring this place.
 F = Levels seen in this place.
 G = Mean time per level.
                   A        B        C        D        E       F      G
               +--------+--------+--------+--------+--------+-----+--------+
         Total |   4133 |   3974 |    159 |   1033 |   1975 |   4 | 1033.2 |
       Dungeon |   4133 |   3974 |    159 |   1033 |   1975 |   4 | 1033.2 |
               +--------+--------+--------+--------+--------+-----+--------+

Top non-repeatable levels by time:
     D:2: 1658 daAuts
     D:1: 1505 daAuts
     D:3: 866 daAuts
     D:4: 102 daAuts
